 Dungeon Crawl Stone Soup version 0.27.1-4-g1640c2035a (webtiles) character file.

Game seed: 13231651802259355776

8 Stomo444 the Shield-Bearer (level 2, -2/16 HPs)
             Began as a Vine Stalker Fighter on Nov 17, 2021.
             Slain by a goblin (17 damage)
             ... on level 1 of the Dungeon.
             The game lasted 00:00:18 (495 turns).

Stomo444 the Shield-Bearer (Vine Stalker Fighter)    Turns: 495, Time: 00:00:19

Health: -2/16      AC:  6    Str: 18    XL:     2   Next: 8%
Magic:  0/3        EV:  7    Int:  8    God:
Gold:   22         SH:  9    Dex: 13    Spells: 1/1 levels left

rFire    . . .     SeeInvis .   a - +0 flail
rCold    . . .     Faith    .   c - +0 kite shield
rNeg     . . .     Spirit   +   b - +0 scale mail
rPois    .         Reflect  .   (no helmet)
rElec    .         Harm     .   (no cloak)
rCorr    .         Rampage  .   (no gloves)
Will     .....                  (no boots)
Stlth    ..........             (no amulet)
HPRegen  0.05/turn              (no ring)
MPRegen  0.08/turn              (no ring)

@: no status effects
A: fangs 2, magic shield, antimagic bite, no potion heal 2
a: no special abilities


You were on level 1 of the Dungeon.
You visited 1 branch of the dungeon, and saw 1 of its levels.

You collected 22 gold pieces.

Inventory:

Hand Weapons
 a - a +0 flail (weapon)
Armour
 b - a +0 scale mail (worn)
 c - a +0 kite shield (worn)
Scrolls
 e - a scroll of enchant weapon {unknown}
Potions
 d - a potion of might


   Skills:
 + Level 2.8 Fighting
 + Level 1.9 Maces & Flails
 + Level 2.5 Armour
 + Level 0.3 Dodging
 + Level 2.8 Shields


You had one spell level left.
You didn't know any spells.
Your spell library was empty.

Dungeon Overview and Level Annotations

Branches:
Dungeon (1/15)

Altars:


Innate Abilities, Weirdness & Mutations

You have extremely sharp teeth.
When hurt, damage is shared between your health and your magic reserves.
Your bite disrupts and absorbs the magic of your enemies.
Potions cannot restore your health.


Message History

No target in view!
No target in view!
No target in view!
No target in view!
No target in view!
No target in view!
Magic restored.
Things that are here:
a +0 whip; a kobold corpse
Found a stone staircase leading down.
There is a stone staircase leading down here.
Found 13 stones.
Found a stone staircase leading down.
The golden eye turns its gaze towards you.
Found a scroll labelled XUCZISO SASOEBB.
Found a faded altar of an unknown god.
No reachable target in view!
The golden eye turns its gaze towards you.
The shining eye turns its gaze towards you.
e - a scroll labelled XUCZISO SASOEBB A rat and a goblin come into view.
The goblin is wielding a +1 dagger of electrocution.
Found three items.
The goblin shouts!
A frilled lizard and a quokka come into view.
There are monsters nearby!
There are monsters nearby!
The rat barely misses you. You block the quokka's attack.
There are monsters nearby!
Unknown command.
You barely miss the quokka. Your bite misses the quokka.
You block the rat's attack.
The quokka bites you but does no damage.
The rat bites you but does no damage. The quokka barely misses you.
Your shield prevents you from hitting the goblin.
Your bite misses the goblin. The rat bites you but does no damage.
You block the quokka's attack.
The goblin hits you with a +1 dagger of electrocution.
You are electrocuted!!
Ouch! That really hurt!
You die...

#####.###...###......#
#.....#G#...#G#.######
#.....###...###.# #
#...............# ##
####.#......#.#.# ...
#.##..#....#.# ###
#.##..#......# ..
###.#####.#.#########
#...@r........ .....
#..lgr......### #####
#...........
#..........#
#.......?..# ###
#...?...!..# #..
#..........# #..
############ #.. #..


You could see a quokka, a goblin, a frilled lizard and a rat.

Vanquished Creatures
  A giant cockroach (D:1)
  A goblin (D:1)
  2 bats (D:1)
  2 kobolds (D:1)
  2 rats (D:1)
8 creatures vanquished.

Notes
Turn   | Place    | Note
-------+----------+-------------------------------------------
     0 | D:1      | Stomo444 the Vine Stalker Fighter began the quest for the
                  | Orb.
     0 | D:1      | Reached XP level 1. HP: 11/11 MP: 2/2
   106 | D:1      | Reached XP level 2. HP: 9/16 MP: 3/3
   473 | D:1      | Noticed a golden eye
   475 | D:1      | Found a faded altar of an unknown god.
   477 | D:1      | Noticed a golden eye
   477 | D:1      | Noticed a shining eye
   477 | D:1      | Noticed a shining eye
   495 | D:1      | Slain by a goblin

Illustrated notes

Levels and vault maps discovered:
D:1:      minmay_arrival_three_doors, layout_basic,
          hellmonk_ecumenical_altar_watching_god

Action                   || total
-------------------------++-------
Melee: Flail             ||    28
       Bite              ||     5
Armor: Scale mail        ||    11
Dodge: Dodged            ||    13
Block: Kite shield       ||    17
